 Dungeon Crawl Stone Soup version 0.28-a0-1152-g9c71ebef14 (webtiles) character file.

Game seed: 3909646276577155937

2 spaghetti the Sneak (level 1, 0/16 HPs)
             Began as an Octopode Delver on Dec 14, 2021.
             Slain by an orc priest (1 damage)
             ... on level 5 of the Dungeon.
             The game lasted 00:00:20 (284 turns).

spaghetti the Sneak (Octopode Delver)                Turns: 284, Time: 00:00:20

Health: 0/16       AC:  1    Str: 11    XL:     1   Next: 30%
Magic:  1/1        EV: 13    Int: 12    God:
Gold:   0          SH:  0    Dex: 13    Spells: 0/0 levels left

rFire   . . .      SeeInvis .   a - +0 hand axe {axe}
rCold   . . .      Faith    .   (no shield)
rNeg    . . .      Spirit   .   (helmet restricted)
rPois   .          Reflect  .   (no amulet)
rElec   .          Harm     .   (no ring)
rCorr   .          Rampage  .   (no ring)
Will    .....                   (no ring)
Stlth   ++++......              (no ring)
HPRegen 0.05/turn               (no ring)
MPRegen 0.07/turn               (no ring)
                                (no ring)
                                (no ring)

@: no status effects
A: almost no armour, amphibious, 8 rings, camouflage 1, gelatinous body 1,
(nimble swimmer 1), tentacles
a: no special abilities


You were on level 5 of the Dungeon.
You visited 1 branch of the dungeon, and saw 2 of its levels.


Innate Abilities, Weirdness & Mutations

You cannot wear most types of armour.
You are amphibious.
You can wear up to eight rings at the same time.
Your skin changes colour to match your surroundings (Stealth+).
Your rubbery body absorbs attacks. (AC +1, EV +1)
((You are camouflaged near water. (Stealth+)))
You have tentacles for arms and can constrict up to eight enemies at once.


   Skills:
 - Level 3.0 Fighting
 - Level 2.0 Axes
 + Level 2.2 Dodging
 - Level 6.6 Stealth


You couldn't memorise any spells.
You didn't know any spells.
Your spell library was empty.

Inventory:

Hand Weapons
 a - a +0 hand axe (weapon) {axe}
Wands
 f - a wand of digging (3)
Scrolls
 b - a scroll of fog
 c - a scroll of magic mapping {!r}
Potions
 e - a potion of haste {@q3}

Dungeon Overview and Level Annotations

Branches:
Dungeon (6/15)
 Temple: D:4-7

Altars:

Shops:
D:6

! #..#
#....>.........)...
#..#
##########...######
.... ##>## ...# #.#
#.# ##### #.######.#
#...# #........#
###.##...####.########
.......@...##.#
###...o.......#
#........####
#.##...### # #...#
###.# #.# ...


You could see an orc priest.


Message History

🤖 Initializing magus.rc ...
Options error: Delay interrupt name "hungry" not recognised. (~/.crawlrc:4771) ✅ Successfully initialized magus.rc [v1.9.6] Welcome, spaghetti the Octopode Delver.
They say the Orb of Zot lies within this dungeon, but they say a lot of things.
Press ? for a list of commands and other information.
Found a stone staircase leading down.
Unknown command.
Found a stone staircase leading down.
(D) Dungeon
Where to? (? - help)
There is a stone staircase leading down here.
You climb downwards.
You hear the sound of rushing water.
There is an entrance to a sewer on this level.
Hurry and find it before the portal rusts away!
The orc wizard shouts!
The orc shouts! x2
Found 55 gold pieces.
Found Ceddyopa's Distillery.
Found a stone staircase leading down.
There is a stone staircase leading up here.
Unknown command.
Unknown command.
The orc priest hits you with a +0 whip. The orc hits you with a +0 dagger.
You climb upwards.
There is a stone staircase leading down here. 😮 HP[-6]
You take 6 damage, and now have 10/16 hp.
MASSIVE DAMAGE!! (PAUSE) Unknown command.
Unknown command.
Okay, then.
Unknown command.
You hit the orc priest. Your grab misses the orc priest.
You squeeze the orc priest, but do no damage.
You closely miss the orc. The orc priest barely misses you.
The orc hits you with a +0 dagger.
* * * LOW HITPOINT WARNING * * *
😨 HP[-3]
You take 3 damage, and now have 7/16 hp.
Unknown command.
Unknown command.
You hit the orc priest. Your grab misses the orc priest. You hit the orc.
The orc hits you with a +0 dagger.
* * * LOW HITPOINT WARNING * * *
The orc priest barely misses you. 😨 HP[-2]
You take 2 damage, and now have 5/16 hp.
Unknown command.
Unknown command.
As you read the scroll of fear, it crumbles to dust.
You assume a fearsome visage.
The orc looks frightened!
The orc priest looks frightened!
There is a stone staircase leading down here. 😨 HP[+1]
You slash the orc!
You kill the orc!
Things that are here:
a +0 dagger {short}; a +0 leather armour; an orc corpse You start resting. 😎 HP[+10]
Your hp is fully restored (16).
There is a stone staircase leading down here.
There is a stone staircase leading down here.
An orc priest is nearby!
The orc priest shouts!
You hit the orc priest. You grab the orc priest. You constrict the orc priest.
The orc priest mumbles some strange prayers to Beogh against you.
Beogh smites you!
Ouch! That really hurt!
* * * LOW HITPOINT WARNING * * *
The orc priest hits you with a +0 whip.
You die...

Action                   || total
-------------------------++-------
Melee: Hand axe          ||     4
       Constrict         ||     1
       Tentacles         ||     1
  Use: Scroll            ||     1
Dodge: Dodged            ||     2

Levels and vault maps discovered:
D:5:      cheibrodos_barr_body, layout_loops_ring, dk_noncrumbling_2
D:6:      layout_basic, led_xom_imps, minmay_temple_entry_sparse_star,
          gup_sewer_entry_glass, serial_shops, shop, roderic_three_in_a_row

Notes
Turn   | Place    | Note
-------+----------+-------------------------------------------
     0 | D:5      | spaghetti the Octopode Delver began the quest for the Orb.
     0 | D:5      | Reached XP level 1. HP: 16/16 MP: 1/1
     0 | D:5      | magus.rc [v1.9.6]
    48 | D:6      | Noticed an orc wizard
    48 | D:6      | Noticed an orc priest
    48 | D:6      | Found Ceddyopa's Distillery.
   284 | D:5      | HP: 1/16 [orc priest/divine providence (15)]
   284 | D:5      | Slain by an orc priest

Vanquished Creatures
  An orc (D:5)
1 creature vanquished.

Table legend:
 A = Non-vault XP
 B = Vault XP
 C = Vault XP percentage of total XP
 D = Non-vault monster count
 E = Vault monster count
 F = Vault count percentage of total count
                 A         B        C        D         E       F
            +---------+---------+-------+---------+---------+-------
      Total |       3 |       0 |   0.0 |       1 |       0 |   0.0
            +---------+---------+-------+---------+---------+-------
        D:5 |       3 |       0 |   0.0 |       1 |       0 |   0.0
            +---------+---------+-------+---------+---------+-------

Illustrated notes

Table legend:
 A = Kills in this place as a percentage of kills in entire the game.
 B = Kills by you in this place as a percentage of kills by you in the entire game.
 C = Kills by friends in this place as a percentage of kills by friends in the entire game.
 D = Other kills in this place as a percentage of other kills in the entire game.
 E = Experience gained in this place as a percentage of experience gained in the entire game.
 F = Experience gained in this place divided by the number of levels of this place that you have seen.
                   A       B       C       D       E      F
               +-------+-------+-------+-------+-------+----------------------
         Total | 100.0 | 100.0 |   N/A |   N/A | 100.0 |   1.5
       Dungeon | 100.0 | 100.0 |   N/A |   N/A | 100.0 |   1.5
               +-------+-------+-------+-------+-------+----------------------

Table legend: (Time is in decaauts)
 A = Elapsed time spent in this place.
 B = Non-inter-level travel time spent in this place.
 C = Inter-level travel time spent in this place.
 D = Time resting spent in this place.
 E = Time spent auto-exploring this place.
 F = Levels seen in this place.
 G = Mean time per level.
                   A        B        C        D        E       F      G
               +--------+--------+--------+--------+--------+-----+--------+
         Total |    284 |    276 |      8 |    195 |     60 |   2 |  142.0 |
       Dungeon |    284 |    276 |      8 |    195 |     60 |   2 |  142.0 |
               +--------+--------+--------+--------+--------+-----+--------+

Top non-repeatable levels by time:
     D:5: 283 daAuts
     D:6: 1 daAuts
